 Dungeon Crawl Stone Soup version 0.18.1-47-g9310371 (webtiles) character file.

205 rftp080 the Conjurer (level 5, -3/38 HPs)
             Began as a Ghoul Wizard on June 20, 2016.
             Was a Follower of Makhleb.
             Splashed by a jelly's acid (8 damage)
             ... on level 4 of the Dungeon.
             The game lasted 00:07:08 (2964 turns).

rftp080 the Conjurer (Ghoul Wizard)                 Turns: 2964, Time: 00:07:11

Health: -3/38      AC: -8    Str: 11    XL:     5   Next: 83%
Magic:  7/8        EV: 11    Int: 14    God:    Makhleb [*.....]
Gold:   101        SH:  0    Dex:  7    Spells: 4 memorised, 1 level left

rFire  . . .     SeeInvis .     u - +0 dagger (venom)
rCold  + . .     Gourm    .     a - +0 robe
rNeg   + + +     Faith    .     (no shield)
rPois  ∞         Spirit   .     e - +1 helmet
rElec  .         Dismiss  .     (no cloak)
rCorr  .         Reflect  .     (no gloves)
SustAt .         Harm     .     (no boots)
MR     .....                    (no amulet)
Stlth  ++........               (no ring)
                                (no ring)

@: corroded, rotting, not resistant to hostile enchantments, unstealthy
A: rotting body, claws 1, carnivore 3, cold resistance 1, negative energy
resistance 3, slow regeneration 1, torment resistance, unbreathing
a: Renounce Religion


You were on level 4 of the Dungeon.
You worshipped Makhleb.
Makhleb was aware of your devotion.
You were not hungry.

You visited 1 branch of the dungeon, and saw 4 of its levels.

You collected 101 gold pieces.

Inventory:

Hand Weapons
 u - a +0 dagger of venom (weapon)
Missiles
 f - 8 tomahawks of returning (quivered)
 h - 11 poisoned needles
 j - 147 stones
 o - 3 tomahawks
 q - 33 sling bullets
Armour
 a - a +0 robe (worn)
 b - a +0 hat
 e - a +1 helmet (worn)
Jewellery
 r - an uncursed ring of protection from magic {unknown}
 v - an uncursed ring of protection from cold {unknown}
Scrolls
 g - 5 scrolls of identify
 n - a scroll of remove curse
 s - 2 scrolls of immolation
Potions
 i - a potion of magic {unknown}
 k - 3 potions of heal wounds
 l - a potion of flight {unknown}
 p - a potion of curing {unknown}
 z - a potion of brilliance {unknown}
 A - a potion of mutation {unknown}
Books
 c - a book of Minor Magic

   Spells                             Type                      Level
   a - Magic Dart                     Conjuration                  1
   b - Blink                          Translocation                2
   c - Call Imp                       Summoning                    2
   d - Repel Missiles                 Charms/Air                   2
   e - Slow                           Hexes                        2
   f - Conjure Flame                  Conjuration/Fire             3
   g - Mephitic Cloud                 Conjuration/Poison/Air       3
Comestibles
 d - 3 meat rations
 m - 3 chunks of flesh
 x - a beef jerky
 B - a slice of pizza


   Skills:
 - Level 1.7 Dodging
 - Level 2.1 Stealth
 - Level 2.6 Spellcasting
 + Level 4.6 Conjurations
   Level 0.8 Summonings
 - Level 0.8 Translocations


You had one spell level left.
You knew the following spells:

 Your Spells              Type           Power        Failure   Level  Hunger
a - Magic Dart            Conj           ##..         3%          1    #......
b - Blink                 Tloc           N/A          24%         2    ###....
c - Mephitic Cloud        Conj/Pois/Air  #.......     38%         3    ###....
d - Repel Missiles        Chrm/Air       #.....       34%         2    ###....


Dungeon Overview and Level Annotations

Branches:
Dungeon (4/15)
 Temple: D:4-7

Altars:
Makhleb
The Shining One

Annotations:
D:4 Menkaure


Innate Abilities, Weirdness & Mutations

Your body is rotting away.
You thrive on raw meat.
You are immune to poison.
You have sharp fingernails.
You are carnivorous and can eat meat at any time.
Your flesh is cold resistant.
You are immune to negative energy.
You regenerate slowly when monsters are visible.
You are immune to unholy pain and torment.
You can survive without breathing.


Message History

The jelly is moderately wounded.
The jelly misses you.
You hit the jelly.
Your claws burn!
The jelly is moderately wounded.
The jelly barely misses you.
You hit the jelly. The acid corrodes you!
Your claws burn!
The jelly is heavily wounded.
The jelly misses you.
You hit the jelly but do no damage.
The jelly is poisoned.
The acid corrodes you!
Your claws burn!
The jelly is heavily wounded.
The jelly hits you.
You are splashed with acid!
The acid corrodes you!
The acid burns!
You hit the jelly but do no damage.
Your claws burn!
* * * LOW HITPOINT WARNING * * *
The jelly is heavily wounded.
The jelly hits you.
* * * LOW HITPOINT WARNING * * *
You are splashed with acid!
The acid burns!
You die...

*****,,,,,,,,,,,,,+,,,,,
*#$,,,,,,,**********,...,
#....#.**** *....,
#....#.* *###....,
#....#.* ####.......,
#......#######..........,
#.......#.............#**
#.......#.####.......#*
#.......@.# ###.....#
*######J##### #.....#
#......# #.....# #$M....#
##...##* #......#
#...+,**# #......#
##...####8 #......#
#......##. ****#......#
##.#....#_. #......#####
#..#....##.


You could see Menkaure and a jelly.

Vanquished Creatures
  A howler monkey (D:4)
  A hound skeleton (D:4)
  6 adders
  2 oozes
  4 worms
  2 dart slugs (D:2)
  8 orcs
  2 giant cockroaches (D:1)
  5 goblins
  6 hobgoblins
  4 jackals (D:1)
  2 quokkas
  6 bats
  5 giant newts
  8 kobolds
  10 rats
72 creatures vanquished.

Notes
Turn   | Place    | Note
--------------------------------------------------------------
     0 | D:1      | rftp080 the Ghoul Wizard began the quest for the Orb.
     0 | D:1      | Reached XP level 1. HP: 14/14 MP: 3/3
    43 | D:1      | Reached skill level 1 in Conjurations
   261 | D:1      | Reached XP level 2. HP: 20/20 MP: 0/4
   569 | D:1      | Reached skill level 2 in Conjurations
   735 | D:1      | Reached XP level 3. HP: 20/26 MP: 1/6
  1171 | D:2      | Found a burning altar of Makhleb.
  1178 | D:2      | Became a worshipper of Makhleb the Destroyer
  1303 | D:2      | Reached skill level 3 in Conjurations
  1382 | D:2      | Reached XP level 4. HP: 20/33 MP: 0/7
  1511 | D:2      | Found a burning altar of Makhleb.
  2106 | D:3      | Reached * piety under Makhleb
  2166 | D:3      | Learned a level 2 spell: Blink
  2170 | D:3      | Learned a level 3 spell: Mephitic Cloud
  2173 | D:3      | Learned a level 2 spell: Repel Missiles
  2466 | D:3      | Reached XP level 5. HP: 32/38 MP: 2/8
  2530 | D:3      | Reached skill level 4 in Conjurations
  2907 | D:4      | Found a glowing golden altar of the Shining One.
  2942 | D:4      | Noticed Menkaure
  2964 | D:4      | Splashed by a jelly's acid

Skill      XL: |  1  2  3  4  5 |
---------------+----------------+-----
Conjurations   | 1 2 3 4 |  4.6
Dodging        | |  1.7
Stealth        | |  2.1
Spellcasting   | |  2.6
Summonings     | |  0.8
Translocations | |  0.8

Action                   |  1- 3 |  4- 6 || total
-------------------------+-------+-------++-------
Melee: Unarmed           |    74 |     2 ||    76
       Dagger            |       |    75 ||    75
 Cast: Magic Dart        |    80 |    77 ||   157
       Repel Missiles    |       |     1 ||     1
       Mephitic Cloud    |       |     1 ||     1
  Use: Scroll            |       |     9 ||     9
  Eat: Chunk             |     7 |     9 ||    16
Armor: Robe              |    25 |    17 ||    42
Dodge: Dodged            |    50 |    47 ||    97
       Deflected         |       |     1 ||     1
